 Dungeon Crawl Stone Soup version 0.28-a0-793-g31680bbd8b (webtiles) character file.

Game seed: 12478163902240428850

1498 Orlauf the Spear-Bearer (level 8, -1/65 HPs)
             Began as a Demonspawn Gladiator on Nov 3, 2021.
             Slain by a white imp (3 damage)
             ... summoned by Eustachio
             ... on level 5 of the Dungeon.
             The game lasted 00:08:44 (5076 turns).

Orlauf the Spear-Bearer (Demonspawn Gladiator)      Turns: 5076, Time: 00:08:45

Health: -1/65      AC: 14    Str: 17    XL:     8   Next: 52%
Magic:  17/17      EV:  5    Int:  9    God:
Gold:   258        SH:  0    Dex: 17    Spells: 7/7 levels left

rFire   . . .      SeeInvis .   a - +1 trident (vorpal)
rCold   + . .      Faith    .   (no shield)
rNeg    . . .      Spirit   .   m - +2 plate armour {rC+}
rPois   .          Reflect  .   o - +2 hat
rElec   .          Harm     .   k - scarf {+Inv}
rCorr   .          Rampage  .   (no gloves)
Will    .....                   (no boots)
Stlth   ..........              (no amulet)
HPRegen 0.20/turn               p - ring of magical power
MPRegen 0.15/turn               (no ring)

@: no status effects
A: thin skeletal structure 1, powered by death 1
a: Evoke Invisibility


You were on level 5 of the Dungeon.
You visited 1 branch of the dungeon, and saw 5 of its levels.

You collected 258 gold pieces.

Inventory:

Hand Weapons
 a - a +1 vorpal trident (weapon)
Armour
 c - a +0 helmet
 k - a scarf of invisibility (worn)
 m - a +2 plate armour of cold resistance (worn)
 o - a +2 hat (worn)
Jewellery
 b - an amulet of faith
 p - a ring of magical power (left hand)
Wands
 n - a wand of flame (9)
Scrolls
 f - a scroll of teleportation
 l - 3 scrolls of amnesia
 q - a scroll of fog
Potions
 e - a potion of resistance {unknown}
 g - a potion of mutation {unknown}
 i - a potion of brilliance
 j - a potion of degeneration {unknown}


   Skills:
 + Level 6.3 Fighting
 * Level 8.5 Polearms
 - Level 1.7 Throwing
 - Level 2.6 Dodging


You had 7 spell levels left.
You didn't know any spells.
Your spell library contained the following spells:

 Spells                   Type           Power      Damage    Failure   Level
 Static Discharge         Conj/Air       0%         N/A       100%        2
 Dazzling Flash           Conj/Hex       0%         N/A       100%        3
 Mephitic Cloud           Conj/Pois/Air  0%         N/A       100%        3
 Sticky Flame             Conj/Fire      0%         2d3       100%        4
 Lehudib's Crystal Spear  Conj/Erth      0%         10d2      100%        8


Dungeon Overview and Level Annotations

Branches:
Dungeon (5/15)
 Temple: D:4-7

Altars:
Sif Muna
Zin

Shops:
D:1 *=!=   D:3 !::[

Annotations:
D:5 Eustachio


Innate Abilities, Weirdness & Mutations

You have a somewhat thin skeletal structure. (Dex +2, Stealth+)
You regenerate a little health from kills.


Message History

Aim: Eustachio, wielding a +0 rapier and wearing a +0 leather armour (almost dead, about 43% to evade your +1 vorpal trident)
You reach to attack!
You barely miss Eustachio.
Eustachio is almost dead.
The white imp hits you but does no damage.
Eustachio mumbles some strange words.
Eustachio blinks!
The quokka bites you but does no damage.
You hit the white imp.
The white imp is moderately wounded.
The river rat barely misses you. The white imp gestures at you.
The puff of frost hits you. You resist.
* * * LOW HITPOINT WARNING * * *
You completely miss the quokka. The quokka bites you.
* * * LOW HITPOINT WARNING * * *
The river rat barely misses you. The white imp barely misses you.
The quokka barely misses you.
You are too injured to fight recklessly!
It was a potion of magic.
Magic courses through your body. The river rat completely misses you.
The white imp hits you.
* * * LOW HITPOINT WARNING * * *
The white imp freezes you. You resist.
* * * LOW HITPOINT WARNING * * *
The quokka bites you but does no damage.
You puncture the quokka!
You kill the quokka!
The quokka's corpse disappears in a puff of smoke!
The river rat bites you.
* * * LOW HITPOINT WARNING * * *
The white imp hits you.
* * * LOW HITPOINT WARNING * * *
The white imp freezes you. You resist.
* * * LOW HITPOINT WARNING * * *
Okay, then.
You closely miss the quasit.
The quasit bites you but does no damage.
The quasit completely misses you. The quasit barely misses you.
The river rat bites you but does no damage.
The white imp hits you.
You die...

#######...........#
..................#####
############..........#
#####..##### ****** #..####
***,,,,*
********#...hh#####.#.**,*
*,,,,,,,#.###.hO.@....**,*
*,,,,,,,#r#*#.#.#.....**,*
*,,,,,,,#@#ยง..h.#,*...,,,*
*,,,,,,,#55@..###,*,,.,,,*
*****+**...#...#**,*,,,**,*
*,***,**..........,*,,,**,*
*,*,,,,....####.#.,,,,,,,,*
*,,,,,?#.#?#***,#**********
*,***....#..,,,,*
*,**##.#####***** *,,,,,,*


You could see Eustachio, a quasit (summoned), a river rat (summoned) and a white
imp (summoned).

Vanquished Creatures
  4 yaks (D:5)
  A water moccasin (D:5)
  3 ogres
  A centaur (D:5)
  A scorpion (D:5)
  A centaur zombie (D:5)
  A hound (D:4)
  2 orc priests
  An iguana (D:5)
  Terence (D:3)
  A killer bee zombie (D:5)
  A hound skeleton (D:4)
  3 gnolls (D:3)
  6 adders
  A shadow imp (D:5)
  9 orcs
  2 ball pythons
  11 bats
  8 endoplasms
  4 giant cockroaches
  13 goblins
  7 hobgoblins
  17 jackals
  4 quokkas
  5 frilled lizards
  8 kobolds
  A rat (D:3)
117 creatures vanquished.

Vanquished Creatures (others)
  An orc wizard (D:3)
1 creature vanquished.

Grand Total: 118 creatures vanquished

Notes
Turn   | Place    | Note
-------+----------+-------------------------------------------
     0 | D:1      | Orlauf the Demonspawn Gladiator began the quest for the
                  | Orb.
     0 | D:1      | Reached XP level 1. HP: 16/16 MP: 1/1
    47 | D:1      | Found a faded altar of an unknown god.
   166 | D:1      | Reached skill level 3 in Polearms
   185 | D:1      | Gained mutation: You have a somewhat thin skeletal
                  | structure. (Dex +2, Stealth+) [demonic ancestry]
   185 | D:1      | Reached XP level 2. HP: 22/22 MP: 2/2
   231 | D:1      | Found Ziorem's General Store.
   791 | D:1      | Found Zalin's Jewellery Shoppe.
   956 | D:1      | Found Xait's Jewellery Shop.
   958 | D:1      | Found Suataox's Distillery.
  1232 | D:2      | Gained mutation: You regenerate a little health from kills.
                  | [demonic ancestry]
  1232 | D:2      | Reached XP level 3. HP: 28/28 MP: 3/3
  1583 | D:2      | You fall into a shaft and drop 2 floors!
  1923 | D:2      | Reached skill level 4 in Polearms
  2005 | D:2      | Reached XP level 4. HP: 34/34 MP: 4/4
  2417 | D:3      | Reached XP level 5. HP: 33/41 MP: 5/5
  2546 | D:3      | Found Badgh's Book Boutique.
  2591 | D:3      | Found Giynisotz's Armour Boutique.
  2597 | D:3      | Noticed Terence
  2608 | D:3      | Killed Terence
  2857 | D:3      | Found Zyzupyf's Book Emporium.
  2899 | D:3      | Reached skill level 5 in Polearms
  3044 | D:3      | Found Agiyl's Distillery.
  3594 | D:4      | Noticed an ogre
  3607 | D:4      | Killed an ogre
  3608 | D:4      | Reached XP level 6. HP: 21/48 MP: 6/6
  4136 | D:4      | Got the Almanac of the Hurtful Rocks
  4154 | D:5      | Entered Level 5 of the Dungeon
  4247 | D:5      | Reached skill level 6 in Polearms
  4422 | D:5      | Reached XP level 7. HP: 45/55 MP: 7/7
  4526 | D:5      | Noticed a yak
  4526 | D:5      | Noticed a yak
  4529 | D:5      | Noticed a yak
  4530 | D:5      | Noticed a yak
  4555 | D:5      | Killed a yak
  4556 | D:5      | Reached skill level 5 in Fighting
  4557 | D:5      | Killed a yak
  4558 | D:5      | Reached skill level 7 in Polearms
  4568 | D:5      | Killed a yak
  4569 | D:5      | Reached XP level 8. HP: 45/64 MP: 8/8
  4724 | D:5      | Reached skill level 8 in Polearms
  4863 | D:5      | Found a shimmering blue altar of Sif Muna.
  4986 | D:5      | Noticed Eustachio
  5075 | D:5      | HP: 2/65 [white imp[Eustachio] (2)]
  5076 | D:5      | Slain by a white imp

Illustrated notes

Levels and vault maps discovered:
D:1:      shiori_arrival_elements, layout_loops_ring, serial_shops,
          nicolae_shop_crystal, shop, nicolae_shop_trees, nicolae_shop_stone,
          hellmonk_ecumenical_altar_zigzags, grunt_decor_arrowhead, minivault_14
D:2:      layout_basic, basic_altar, serial_rivers,
          chequers_serial_rivers_room_a, chequers_serial_rivers_large_a,
          chequers_serial_rivers_small_a, chequers_serial_rivers_room_a,
          chequers_serial_rivers_micro_c
D:3:      cheibrodos_greedy_goblins, layout_basic, serial_shops, shop,
          nicolae_diamond_shop, nicolae_shop_statue_plus,
          nicolae_lakefront_shop, uniq_terence
D:4:      layout_loops_corners
D:5:      layout_basic, mainiacjoe_overflow_alcove_2, uniq_eustachio

Skill      XL: |  1  2  3  4  5  6  7  8 |
---------------+-------------------------+-----
Polearms       | 3 4 5 6 7 8 |  8.5
Fighting       | 3 4 5 6 |  6.3
Throwing       | |  1.7
Dodging        | |  2.6

Action                   |  1- 3 |  4- 6 |  7- 9 || total
-------------------------+-------+-------+-------++-------
Melee: Trident           |   128 |   236 |   147 ||   511
Throw: Throwing net      |     1 |     3 |     2 ||     6
  Use: Scroll            |     3 |     8 |     1 ||    12
       Potion            |       |     1 |     2 ||     3
 Stab: Sleeping          |     8 |       |       ||     8
       Held in net/web   |       |     3 |     1 ||     4
Armor: Leather armour    |    30 |       |       ||    30
       Plate armour      |    23 |   152 |   158 ||   333
Dodge: Dodged            |    55 |    65 |    60 ||   180

Table legend: (Time is in decaauts)
 A = Elapsed time spent in this place.
 B = Non-inter-level travel time spent in this place.
 C = Inter-level travel time spent in this place.
 D = Time resting spent in this place.
 E = Time spent auto-exploring this place.
 F = Levels seen in this place.
 G = Mean time per level.
                   A        B        C        D        E       F      G
               +--------+--------+--------+--------+--------+-----+--------+
         Total |   5109 |   4997 |    112 |    412 |   3529 |   5 | 1021.8 |
       Dungeon |   5109 |   4997 |    112 |    412 |   3529 |   5 | 1021.8 |
               +--------+--------+--------+--------+--------+-----+--------+

Top non-repeatable levels by time:
     D:1: 1293 daAuts
     D:2: 989 daAuts
     D:4: 987 daAuts
     D:3: 930 daAuts
     D:5: 908 daAuts
